 Dungeon Crawl Stone Soup version 0.27.0-1-g7a089689b8 (webtiles) character file.

Game seed: 1472741073990247489

22281 pkoi the Carver (level 12, 0/77 HPs)
             Began as a Minotaur Fighter on Aug 6, 2021.
             Was the Champion of Dithmenos.
             Slain by a minotaur (21 damage)
             ... in a Gauntlet.
             The game lasted 00:25:03 (14311 turns).

pkoi the Carver (Minotaur Fighter)                 Turns: 14311, Time: 00:25:04

Health: 0/77       AC: 12    Str: 22      XL:     12   Next: 61%
Magic:  20/20      EV: 18    Int:  8 (9)  God:    Dithmenos [******]
Gold:   594        SH:  9    Dex: 13 (14) Spells: 10/11 levels left

rFire    . . .     SeeInvis .   j - +1 demon blade (vamp)
rCold    . . .     Faith    .   h - +2 buckler
rNeg     . . .     Spirit   .   G - +1 ring mail of the Iron Devil {Int+4}
rPois    +         Reflect  .   I - +1 hat {Will+}
rElec    .         Harm     .   J - +0 cloak {rCorr}
rCorr    +         Rampage  .   y - +0 pair of gloves
Will     +....     NoTele   +   L - +1 pair of boots {Stlth+}
Stlth    ++++++....             K - amulet of Dithmenos's Regard {RegenMP MP+9 Dex+4}
HPRegen  0.00/turn              q - ring of poison resistance
MPRegen  0.42/turn              z - +4 ring of evasion

@: inhibited regen, wreathed by umbra
A: horns 2, retaliatory headbutt, [deformed body], [deterioration 2], frail
1[+2], [inhibited regeneration], [weak 2], [subdued magic 2]
a: Renounce Religion, Shadow Step, Shadow Form


You were in a Gauntlet.
You worshipped Dithmenos.
Dithmenos was exalted by your worship.
You visited 2 branches of the dungeon, and saw 13 of its levels.
You also visited: Sewer, Bailey and Gauntlet.

You collected 594 gold pieces.

Inventory:

Hand Weapons
 j - a +1 vampiric demon blade (weapon)
 t - a +5 long sword
Missiles
 a - 2 boomerangs of dispersal
 l - 65 boomerangs (quivered)
 v - 46 poisoned darts
Armour
 h - a +2 buckler (worn)
 y - a +0 pair of gloves (worn)
 G - the +1 ring mail of the Iron Devil (worn) {Int+4}
   (You found it in a bailey)

   Int:       It affects your intelligence (+4).
 I - a +1 hat of willpower (worn)
 J - a +0 cloak of preservation (worn)
 L - a +1 pair of boots of stealth (worn)
Jewellery
 e - a ring of see invisible
 k - a +6 ring of dexterity
 m - a ring of protection from cold
 q - a ring of poison resistance (left hand)
 z - a +4 ring of evasion (right hand)
 E - an amulet of faith
 F - a ring of protection from fire
 K - the amulet of Dithmenos's Regard (around neck) {RegenMP MP+9 Dex+4}
   (You found it in a Gauntlet)

   [amulet of magic regeneration]

   It increases your rate of magic regeneration.
   Dex:       It affects your dexterity (+4).
   MP:        It affects your magic capacity (+9).
Wands
 c - a wand of mindburst (24)
 C - a wand of digging (8)
 D - a wand of iceblast (6)
 H - a wand of paralysis (8)
Scrolls
 g - 6 scrolls of identify
 n - 6 scrolls of teleportation
 o - a scroll of holy word
 r - 2 scrolls of amnesia
 s - 2 scrolls of fear
 B - a scroll of enchant weapon
Potions
 d - 5 potions of might
 f - 3 potions of cancellation
 i - 11 potions of curing
 p - a potion of mutation
 u - 4 potions of heal wounds
 w - a potion of haste
 x - 2 potions of magic
 A - 2 potions of invisibility


   Skills:
 + Level 11.0 Fighting
 + Level 11.6 Long Blades
 + Level 8.6 Throwing
 + Level 11.0 Armour
 + Level 7.4 Dodging
 + Level 6.1 Stealth
 + Level 11.0 Shields
 - Level 0.1 Spellcasting
 - Level 0.2 Translocations


You had 10 spell levels left.
You knew the following spells:

 Your Spells              Type           Power      Damage    Failure   Level
a - Apportation           Tloc           0%         N/A       43%         1

Your spell library contained the following spells:

 Spells                   Type           Power      Damage    Failure   Level
 Animate Skeleton         Necr           0%         N/A       45%         1
 Corona                   Hex            0%         N/A       45%         1
 Summon Small Mammal      Summ           0%         N/A       45%         1
 Call Canine Familiar     Summ           0%         N/A       83%         3
 Summon Guardian Golem    Hex/Summ       0%         N/A       83%         3
 Animate Dead             Necr           0%         N/A       99%         4
 Hailstorm                Conj/Ice       0%         3d3       99%         4
 Ice Form                 Ice/Tmut       0%         N/A       99%         4
 Leda's Liquefaction      Hex/Erth       0%         N/A       99%         4
 Alistair's Intoxication  Tmut/Pois      0%         N/A       100%        5
 Bolt of Magma            Conj/Fire/Erth 0%         4d4       100%        5
 Invisibility             Hex            0%         N/A       100%        6
 Simulacrum               Ice/Necr       0%         N/A       100%        6
 Statue Form              Tmut/Erth      0%         N/A       100%        6
 Haunt                    Necr/Summ      0%         N/A       100%        7
 Infestation              Necr           0%         N/A       100%        8


Dungeon Overview and Level Annotations

Branches:
Dungeon (12/15)            Temple (1/1) D:7            Lair (0/6) D:10
    Orc (0/2) D:9           Sewer (visited)          Bailey (visited)
Gauntlet (1/1)

Altars:
Ashenzari
Cheibriados
Dithmenos
Elyvilon
Fedhas
Gozag
Hepliaklqana
Kikubaaqudgha
Makhleb
Nemelex Xobeh
Okawaru
Qazlal
Ru
Sif Muna
Trog
Uskayaw
Vehumet
Wu Jian
Xom
Yredelemnul
Zin
The Shining One

Shops:
D:1 =   D:6 (   D:7 *

Annotations:
D:9 1 runed translucent door, sasquatch's ghost, novice TrBe Gauntlet 12 transporters, 15 runed translucent doors


Innate Abilities, Weirdness & Mutations

You have a pair of horns on your head.
You reflexively headbutt those who attack you in melee.
[Armour fits poorly on your strangely shaped body.]
[Your body often deteriorates upon taking damage.]
[You are extremely frail. (-30% HP)]
[You do not regenerate when monsters are visible.]
[You are very weak. (Str -4)]
[Your spells are easier to cast, but less powerful.]


Message History

The minotaur is moderately wounded.
The minotaur gores you but does no damage.
You hit the minotaur but do no damage.
You headbutt the minotaur, but do no damage.
The minotaur is moderately wounded.
The minotaur hits you with a +1 falchion of holy wrath!!
You emit a cloud of dark smoke.
You block the minotaur's attack.
You hit the minotaur but do no damage.
You headbutt the minotaur, but do no damage.
The minotaur is moderately wounded.
The minotaur misses you.
You riposte.
You hit the minotaur.
You feel better.
The minotaur is moderately wounded.
The minotaur barely misses you.
You hit the minotaur but do no damage.
You headbutt the minotaur, but do no damage.
The minotaur is moderately wounded.
You slash the minotaur!
You feel better.
The minotaur is heavily wounded.
The minotaur hits you with a +1 falchion of holy wrath!
Your body deteriorates!
You feel clumsy. You block the minotaur's attack.
You hit the minotaur but do no damage.
The minotaur is heavily wounded.
Your shadow hits the minotaur but does no damage.
The minotaur completely misses you. The minotaur misses you.
You barely miss the minotaur.
The minotaur is moderately wounded.
The minotaur misses you. The minotaur gores you.
You barely miss the minotaur. Your headbutt misses the minotaur.
The minotaur is moderately wounded.
You hit the minotaur but do no damage.
The minotaur is moderately wounded.
The minotaur hits you with a +1 falchion of holy wrath!
* * * LOW HITPOINT WARNING * * *
Your body deteriorates!
You feel dopey. You block the minotaur's attack.
You barely miss the minotaur. You headbutt the minotaur.
The minotaur is moderately wounded.
The minotaur hits you with a +1 falchion of holy wrath!!
You die...

#########
#.......#
#.#####.#
#.#@H§#.#
#.#§#§#.#
#.#§# #.#
#.#.# #.#
#.#.###.#
#.#.....#
#.#######
#.....#
#####.#


You could see a minotaur.

Vanquished Creatures
  Snorg (D:11)
  Erolcha (D:11)
  4 two-headed ogres
  Nergalle (D:11)
  A wretched star (Gauntlet)
  A wizard (Gauntlet)
  A manticore (D:11)
  A cyclops (D:11)
  2 gargoyles (D:12)
  A kobold demonologist (D:9)
  2 unseen horrors
  A queen bee (Gauntlet)
  A troll (D:11)
  A hornet (D:8)
  Grinder (D:6)
  10 slime creatures (D:12)
  Sigmund (D:6)
  4 vampires
  2 wraiths
  A shadow (D:10)
  10 yaks
  A wyvern (D:10)
  A neqoxec (Gauntlet)
  Menkaure (D:6)
  4 acid dragons
  2 water moccasins (D:7)
  3 black bears
  2 necrophages (D:10)
  10 orc warriors
  4 ogres
  6 centaurs
  3 kobold brigands
  2 phantoms (D:5)
  4 bullfrogs
  2 gnoll sergeants
  6 scorpions
  2 water moccasin skeletons (D:7)
  9 killer bees
  5 electric eels (D:11)
  15 wights
  6 howler monkeys
  9 centaur zombies
  2 hounds (D:5)
  A human zombie (D:10)
  A centaur skeleton (D:7)
  3 orc priests
  A bullfrog skeleton (D:7)
  3 jellies
  Crazy Yiuf (D:3)
  2 iguanas
  7 orc wizards
  A mummy (D:10)
  A howler monkey skeleton (D:6)
  A howler monkey zombie (D:7)
  11 gnolls
  7 adders
  A river rat (D:5)
  2 shadow imps
  2 white imps
  An adder skeleton (D:4)
  2 worms
  6 dart slugs
  29 orcs
  11 ball pythons
  8 endoplasms
  7 giant cockroaches
  6 hobgoblins
  10 jackals
  3 quokkas
  7 bats
  6 frilled lizards
  10 goblins
  41 kobolds
  19 rats
358 creatures vanquished.

Vanquished Creatures (others)
  An orc (D:11)
  A kobold (D:9)
  14 demonic plants (Gauntlet)
  11 fungi (D:10)
  6 plants (D:10)
  28 withered plants (Gauntlet)
61 creatures vanquished.

Grand Total: 419 creatures vanquished

Notes
Turn   | Place    | Note
-------+----------+-------------------------------------------
     0 | D:1      | pkoi the Minotaur Fighter began the quest for the Orb.
     0 | D:1      | Reached XP level 1. HP: 19/19 MP: 0/0
   305 | D:1      | Reached XP level 2. HP: 25/26 MP: 1/1
   597 | D:1      | Found Zufogui's Jewellery Boutique.
   633 | D:1      | Reached XP level 3. HP: 31/31 MP: 2/2
  1169 | D:2      | Reached skill level 5 in Long Blades
  1497 | D:2      | Found a faded altar of an unknown god.
  1601 | D:2      | Reached XP level 4. HP: 39/39 MP: 3/3
  1621 | D:2      | Became a worshipper of Dithmenos the Shadowed
  1621 | D:2      | Reached * piety under Dithmenos
  2137 | D:3      | Found a runed translucent door.
  2138 | D:3      | Noticed Crazy Yiuf
  2738 | D:3      | Reached ** piety under Dithmenos
  2883 | D:3      | Killed Crazy Yiuf
  2884 | D:3      | Reached XP level 5. HP: 28/46 MP: 4/4
  3040 | D:4      | Noticed an ogre
  3137 | D:4      | Reached skill level 1 in Dodging
  3490 | D:4      | Reached skill level 1 in Stealth
  3678 | D:4      | Killed an ogre
  3679 | D:4      | Reached XP level 6. HP: 44/53 MP: 5/5
  3815 | D:4      | Found a hazy altar of Hepliaklqana.
  3869 | D:4      | Found a shadowy altar of Dithmenos.
  4036 | D:5      | Entered Level 5 of the Dungeon
  4036 | D:5      | Found a stormy altar of Qazlal.
  4045 | D:5      | Reached skill level 1 in Throwing
  4123 | D:5      | Reached XP level 7. HP: 53/60 MP: 6/6
  4242 | D:5      | Found a glowing drain.
  4250 | Sewer    | Entered a sewer
  4337 | Sewer    | Reached skill level 5 in Shields
  4373 | Sewer    | Reached *** piety under Dithmenos
  4592 | D:5      | Reached skill level 5 in Fighting
  4592 | D:5      | Reached skill level 5 in Armour
  4807 | D:5      | Reached XP level 8. HP: 67/68 MP: 7/7
  5022 | D:5      | Found a blossoming altar of Fedhas.
  5026 | D:5      | Reached skill level 5 in Throwing
  5026 | D:5      | Reached XP level 9. HP: 82/82 MP: 8/8
  5030 | D:5      | Found a sacrificial altar of Ru.
  5268 | D:6      | Noticed Grinder
  5269 | D:6      | Noticed Menkaure
  5275 | D:6      | Killed Menkaure
  5279 | D:6      | Paralysed by Grinder for 3 turns
  5283 | D:6      | Killed Grinder
  5360 | D:6      | Noticed Sigmund
  5907 | D:6      | Killed Sigmund
  5974 | D:6      | Found Getzyf's Weapon Emporium.
  6475 | D:7      | Reached **** piety under Dithmenos
  6491 | D:7      | Noticed an unseen horror
  6493 | D:7      | Killed an unseen horror
  6834 | D:7      | Reached XP level 10. HP: 91/91 MP: 9/9
  6935 | D:7      | Found an opulent altar of Gozag.
  6940 | D:7      | Found Gozag's Platinum Reserve.
  6971 | D:7      | Noticed a two-headed ogre
  6978 | D:7      | Killed a two-headed ogre
  7198 | D:7      | Found a white marble altar of Elyvilon.
  7458 | D:7      | Found a staircase to the Ecumenical Temple.
  7469 | Temple   | Entered the Ecumenical Temple
  8116 | D:8      | Reached skill level 10 in Long Blades
  9119 | D:8      | Found a sparkling altar of Nemelex Xobeh.
  9119 | D:8      | Found an iron altar of Okawaru.
  9208 | D:9      | Reached ***** piety under Dithmenos
  9591 | D:9      | Found a staircase to the Orcish Mines.
  9766 | D:9      | Found a runed translucent door.
  9777 | D:9      | Noticed sasquatch's ghost (novice TrBe)
  9879 | D:9      | Reached skill level 5 in Dodging
 10451 | D:10     | Entered Level 10 of the Dungeon
 10570 | D:10     | Found a shimmering altar of Xom.
 10570 | D:10     | Noticed an angel
 10571 | D:10     | Found a glowing silver altar of Zin.
 10600 | D:10     | Reached XP level 11. HP: 72/97 MP: 10/10
 10764 | D:10     | Found an ancient bone altar of Kikubaaqudgha.
 11042 | D:10     | Reached skill level 10 in Fighting
 11042 | D:10     | Reached skill level 10 in Shields
 11083 | D:10     | Reached skill level 10 in Armour
 11180 | D:10     | Found a radiant altar of Vehumet.
 11295 | D:10     | Noticed a two-headed ogre
 11303 | D:10     | Killed a two-headed ogre
 11469 | D:10     | Found a staircase to the Lair.
 11479 | D:10     | Reached skill level 5 in Stealth
 11597 | D:11     | Identified a scroll of acquirement
 11597 | D:11     | Acquired a +1 vampiric demon blade
 11615 | D:11     | Noticed Snorg
 11626 | D:11     | Killed Snorg
 11688 | D:11     | Noticed a two-headed ogre
 11701 | D:11     | Killed a two-headed ogre
 11783 | D:11     | Found a flagged portal.
 11797 | Bailey   | Entered a bailey
 11827 | Bailey   | Learned a level 1 spell: Apportation
 12231 | Bailey   | Identified the +1 ring mail of the Iron Devil {Int+4}
 12281 | D:11     | Noticed Nergalle
 12300 | D:11     | Killed Nergalle
 12498 | D:11     | Reached XP level 12. HP: 107/107 MP: 11/11
 12515 | D:11     | Reached ****** piety under Dithmenos
 12725 | D:11     | Noticed Erolcha
 12744 | D:11     | Killed Erolcha
 12994 | D:11     | Noticed a two-headed ogre
 12998 | D:11     | Killed a two-headed ogre
 13438 | D:12     | Acquired a +0 hat of willpower
 13636 | D:12     | Found a gate leading to a gauntlet.
 13645 | Gauntlet | Entered a Gauntlet
 13645 | Gauntlet | Found a transporter.
 13655 | Gauntlet | Found a transporter.
 13669 | Gauntlet | Found a transporter.
 13674 | Gauntlet | Found a transporter.
 13691 | Gauntlet | Found a transporter.
 13708 | Gauntlet | Found a transporter.
 13720 | Gauntlet | Found a transporter.
 13732 | Gauntlet | Found a transporter.
 13740 | Gauntlet | Found a large runed translucent door.
 13741 | Gauntlet | Found a large runed translucent door.
 13742 | Gauntlet | Found a large runed translucent door.
 13742 | Gauntlet | Found a large runed translucent door.
 13743 | Gauntlet | Found a runed translucent gate.
 13744 | Gauntlet | Found a transporter.
 13744 | Gauntlet | Found a runed translucent gate.
 13745 | Gauntlet | Found a runed translucent gate.
 13746 | Gauntlet | Found a large runed translucent door.
 13746 | Gauntlet | Found a large runed translucent door.
 13746 | Gauntlet | Found a runed translucent door.
 13746 | Gauntlet | Found a runed translucent door.
 13747 | Gauntlet | Found a large runed translucent door.
 13748 | Gauntlet | Found a large runed translucent door.
 13750 | Gauntlet | Found a transporter.
 13755 | Gauntlet | Found a large runed translucent door.
 13755 | Gauntlet | Found a large runed translucent door.
 13756 | Gauntlet | Found a large runed translucent door.
 13757 | Gauntlet | Found a large runed translucent door.
 13764 | Gauntlet | Noticed a death yak
 13764 | Gauntlet | Noticed a death yak
 13765 | Gauntlet | Found a transporter.
 13765 | Gauntlet | Noticed a death yak
 13765 | Gauntlet | Noticed a death yak
 13766 | Gauntlet | Noticed a death yak
 13766 | Gauntlet | Noticed a death yak
 13767 | Gauntlet | Found a large runed translucent door.
 13767 | Gauntlet | Found a large runed translucent door.
 13768 | Gauntlet | Found a large runed translucent door.
 13769 | Gauntlet | Found a large runed translucent door.
 13789 | Gauntlet | Found a transporter.
 13808 | Gauntlet | Found a transporter.
 13834 | Gauntlet | Found a transporter.
 13836 | Gauntlet | Found a transporter.
 13856 | Gauntlet | Found a transporter.
 13934 | Gauntlet | Found a transporter.
 13956 | Gauntlet | Found a transporter.
 14203 | Gauntlet | Gained mutation: [You are frail. (-10% HP)] [a neqoxec]
 14225 | Gauntlet | Identified the amulet of Dithmenos's Regard {RegenMP MP+9
                  | Dex+4}
 14290 | Gauntlet | Noticed a minotaur
 14311 | Gauntlet | Slain by a minotaur

Illustrated notes

Levels and vault maps discovered:
D:1:      ncdulo_watergridlock, layout_loops_ring, serial_shops,
          nicolae_shop_waterfront, st_stairs_3, serial_bayou_pond_c,
          minmay_pentomino_o2
D:2:      minmay_skewed_foursquare, layout_loops_ring,
          hellmonk_ecumenical_altar_lost_god
D:3:      layout_loops_corners, small_statue_intersection,
          minmay_misc_feat_encased, grunt_decor_one_mirror,
          uniq_crazy_yiuf_cottage
D:4:      layout_basic, nicolae_dithmenos_shadow_blocks, kennysheep_little_box,
          grunt_ministairs_10
D:5:      layout_cave_pods, mainiacjoe_overflow_divided_tiny,
          nicolae_qazlal_scattered_showers, portal_sewer_entry_e,
          kennysheep_generic_room_9
D:6:      layout_cave_pools, serial_shops, nicolae_shop_crystal,
          supply_closet_lemuel, uniq_grinder, uniq_sigmund, uniq_menkaure
D:7:      hangedman_cross_stitches, layout_loops_corners, elyvilon_altar_3,
          nicolae_gozag_zags_fifth_avenue, minmay_temple_entry_mist,
          minmay_between
D:8:      layout_basic, gammafunk_temple_overflow_elements
D:9:      layout_loops_ring, orc_0_dummy, ebering_ghost_reflecting_pool,
          chequers_garden, ebering_dispersal_statue_hall, lemuel_flamethrower_2
D:10:     layout_basic, mainiacjoe_overflow_six_doors_small,
          grunt_temple_overflow_order_and_chaos_1,
          lemuel_mausoleum_altar_kikubaaqudgha, grunt_lair_entry_orc_guard_hut
D:11:     layout_basic, enter_bailey_1, kennysheep_generic_room_10, uniq_snorg,
          uniq_nergalle, uniq_erolcha
D:12:     layout_gridville, gauntlet_entry_generic, special_room
          [special_room_bee]
Temple:   nicolae_temple_figure_zero
Gauntlet: gammafunk_gauntlet_one_two_three [gammafunk_gauntlet_arena_grid,
          gammafunk_gauntlet_arena_chambers, nicolae_gauntlet_arena_x,
          gammafunk_gauntlet_arena_hedges,
          minmay_gauntlet_arena_make_your_own_arena,
          gammafunk_gauntlet_arena_split_x,
          gammafunk_gauntlet_arena_arrow_garden, gammafunk_gauntlet_arena_open,
          nicolae_gauntlet_swirl, gauntlet_exit_spiral]

Skill      XL: |  1  2  3  4  5  6  7  8  9 10 11 12 |
---------------+-------------------------------------+-----
Long Blades    | 3 4 5 6 9 10 11 | 11.6
Fighting       | 4 5 8 9 10 11 | 11.0
Armour         | 4 5 8 9 10 11 | 11.0
Shields        | 4 5 8 9 10 11 | 11.0
Dodging        | 1 2 3 4 5 6 7 |  7.4
Stealth        | 1 2 3 4 5 6 |  6.1
Throwing       | 1 2 5 6 7 8 |  8.6
Spellcasting   | |  0.1
Translocations | |  0.2

Action                   |  1- 3 |  4- 6 |  7- 9 | 10-12 || total
-------------------------+-------+-------+-------+-------++-------
Melee: Long sword        |    73 |   112 |   166 |   293 ||   644
       Headbutt          |    10 |    15 |    52 |   139 ||   216
       Demon blade       |       |       |       |   252 ||   252
Throw: Boomerang         |       |       |     4 |    59 ||    63
       Dart              |       |       |       |     3 ||     3
 Cast: Apportation       |       |       |       |    14 ||    14
Evoke: Wand              |       |       |       |     1 ||     1
  Use: Scroll            |     4 |     6 |     6 |     7 ||    23
       Potion            |       |       |     1 |     2 ||     3
 Stab: Sleeping          |       |       |       |     6 ||     6
Armor: Scale mail        |    29 |    34 |    61 |   118 ||   242
       Ring mail         |       |       |       |    23 ||    23
Dodge: Dodged            |    23 |    66 |   103 |   281 ||   473
Block: Kite shield       |    28 |       |       |       ||    28
       Buckler           |    10 |    32 |    91 |   176 ||   309
       Rpst.: Long sword |     9 |    18 |    26 |    32 ||    85
       Demon blade       |       |       |       |    34 ||    34
